 Dungeon Crawl Stone Soup version 0.19-a0-1051-gdb7e7f8 (webtiles) character file.

1403417 nubinia the Acrobat (level 27, 119/157 HPs)
             Began as a Kobold Fire Elementalist on July 29, 2016.
             Was the Champion of Ashenzari.
             Escaped with the Orb
             ... and 3 runes on Aug 1, 2016!
             The game lasted 16:29:03 (115063 turns).

nubinia the Acrobat (Kobold Fire Elementalist)    Turns: 115063, Time: 16:29:04

Health: 119/157    AC: 34    Str: 12      XL:     27
Magic:  6/49       EV: 31    Int: 18 (20) God:    Ashenzari [******]
Gold:   1907       SH: 17    Dex: 23      Spells: 18 memorised, 11 levels left

rFire  + + +     SeeInvis +     a - +9 short sword (protect) (curse)
rCold  + . .     Gourm    .     Y - +3 fire dragon armour (curse)
rNeg   + + +     Faith    .     m - +3 buckler {rC+ rF+} (curse)
rPois  .         Spirit   .     F - -1 hat of Tegir Oschall {rElec rC+ Regen+ Int+2} (curse)
rElec  +         Dismiss  .     W - +2 cloak of the Wasteland {+Fly rN+ Stlth+} (curse)
rCorr  .         Reflect  +     x - +2 pair of gloves of Elitism {rN+} (curse)
SustAt .         Harm     .     P - +1 pair of boots {run} (curse)
MR     ++...     Clarity  +     d - +4 amulet of reflection (curse)
Stlth  +++.......               A - +3 ring of protection (curse)
                                H - ring of Uskayaw's Envy {rN+ AC+2 Dex+4 Stlth+} (curse)

@: deflect missiles, quick, very resistant to hostile enchantments, fairly
stealthy
A: blurry vision 1, carnivore 3, deterioration 1, frail 1
a: Curse Item, Scrying, Transfer Knowledge, Renounce Religion, Evoke Flight
0: Orb of Zot
}: 3/15 runes: barnacled, silver, gossamer


You escaped.
You worshipped Ashenzari.
Ashenzari was exalted by your worship.
You were very full.

You visited 11 branches of the dungeon, and saw 53 of its levels.
You visited the Abyss 2 times.

You collected 7436 gold pieces.
You spent 5529 gold pieces at shops.

Inventory:

Hand Weapons
 a - a cursed +9 short sword of protection (weapon)
Armour
 m - a cursed +3 buckler of resistance (worn)
 x - the cursed +2 pair of gloves of Elitism (worn) {rN+}
   (You bought it in a shop on level 9 of the Dungeon)

   It protects you from negative energy.
   It has a curse placed upon it.
 F - the cursed -1 hat of Tegir Oschall (worn) {rElec rC+ Regen+ Int+2}
   (You acquired it on level 2 of the Elven Halls)

   It affects your intelligence (+2).
   It protects you from cold.
   It insulates you from electricity.
   It increases your rate of regeneration.
   It has a curse placed upon it.
 M - a +2 pair of boots of stealth
 P - a cursed +1 pair of boots of running (worn)
 U - the +3 robe of Clouds {+Fly rElec}
   (You bought it in a shop on level 2 of the Orcish Mines)

   It insulates you from electricity.
   It lets you fly.
 W - the cursed +2 cloak of the Wasteland (worn) {+Fly rN+ Stlth+}
   (You bought it in a shop on level 2 of the Orcish Mines)

   It protects you from negative energy.
   It lets you fly.
   It makes you more stealthy.
   It has a curse placed upon it.
 Y - a cursed +3 fire dragon armour (worn)
Jewellery
 d - a cursed +4 amulet of reflection (around neck)
 n - a +4 ring of evasion
 A - a cursed +3 ring of protection (right hand)
 H - the cursed ring of Uskayaw's Envy (left hand) {rN+ AC+2 Dex+4 Stlth+}
   (You took it off a deep elf sorcerer on level 3 of the Elven Halls)

   [ring of protection]

   It affects your AC (+2).
   It affects your dexterity (+4).
   It protects you from negative energy.
   It makes you more stealthy.
   It has a curse placed upon it.
Wands
 e - a wand of teleportation (5/9)
 l - a wand of iceblast (9/15)
 p - a wand of teleportation (0/9)
 s - a wand of disintegration (2/24)
 C - a wand of acid (6/15)
 Q - a wand of iceblast (0/15)
 T - a wand of iceblast (11/15)
 V - a wand of heal wounds (4/9)
Scrolls
 b - 15 scrolls of identify
 g - a scroll of amnesia
 i - 5 scrolls of magic mapping
 j - 5 scrolls of fog
 r - 7 scrolls of recharging
 v - 7 scrolls of remove curse
 w - a scroll of summoning
 J - 2 scrolls of blinking
 X - a scroll of fear
Potions
 h - 3 potions of heal wounds
 k - 2 potions of brilliance
 o - 2 potions of resistance
 t - 5 potions of flight
 u - 4 potions of might
 z - 16 potions of curing
 D - 5 potions of haste
 G - 3 potions of magic
 I - 6 potions of agility
 K - a potion of invisibility
 S - 4 potions of cancellation
Miscellaneous
 f - a lamp of fire
 y - a fan of gales
 B - 4 sacks of spiders
 L - 3 phantom mirrors
 R - a phial of floods
Comestibles
 c - 26 meat rations


   Skills:
 + Level 18.6 Fighting
 - Level 17.0(20.8) Short Blades
 + Level 7.6(12.1) Armour
 - Level 24.1(27) Dodging
 + Level 16.6 Stealth
 + Level 12.1(14.8) Shields
 + Level 22.2 Spellcasting
 - Level 16.1(20.0) Conjurations
 + Level 3.6(7.7) Charms
 - Level 0.6(2.6) Summonings
 - Level 4.1(8.3) Necromancy
 - Level 4.0(8.2) Translocations
 + Level 16.9(20.7) Fire Magic
 + Level 10.1(14.4) Air Magic
 - Level 5.6(10.1) Earth Magic
 + Level 8.6(13.0) Evocations


You had 11 spell levels left.
You knew the following spells:

 Your Spells              Type           Power        Failure   Level  Hunger
a - Iskenderun's Mystic   Conj           #######.     1%          4    None
b - Throw Flame           Conj/Fire      ######       0%          2    None
c - Mephitic Cloud        Conj/Pois/Air  ######..     1%          3    None
d - Sticky Flame          Conj/Fire      #######.     1%          4    None
e - Fireball              Conj/Fire      #######...   1%          5    None
f - Bolt of Magma         Conj/Fire/Erth ######....   1%          5    None
g - Throw Frost           Conj/Ice       ######       1%          2    None
h - Static Discharge      Conj/Air       ######..     1%          3    None
j - Bolt of Fire          Conj/Fire      #######...   1%          6    ####...
k - Delayed Fireball      Conj/Fire      N/A          2%          7    #####..
l - Force Lance           Conj/Tloc      ######..     1%          4    None
m - Passwall              Tmut/Erth      #####.....   1%          2    None
n - Summon Lightning Spi  Summ/Air       ######..     3%          4    None
o - Blink                 Tloc           N/A          1%          2    None
p - Deflect Missiles      Chrm/Air       ######....   17%         6    ####...
r - Repel Missiles        Chrm/Air       ######       1%          2    None
s - Swiftness             Chrm/Air       ######..     1%          2    None
S - Animate Skeleton      Necr           N/A          1%          1    None


Dungeon Overview and Level Annotations

Branches:
Dungeon (15/15)            Temple (1/1) D:7            Lair (6/6) D:9
 Shoals (4/4) Lair:3       Spider (4/4) Lair:2        Slime (0/5) Lair:5
    Orc (2/2) D:11            Elf (3/3) Orc:2        Vaults (5/5) D:13
  Crypt (3/3) Vaults:3       Tomb (0/3) Crypt:3      Depths (5/5) D:15
    Zot (5/5) Depths:5

Altars:
Ashenzari
Cheibriados
Dithmenos
Elyvilon
Fedhas
Gozag
Hepliaklqana
Kikubaaqudgha
Makhleb
Nemelex Xobeh
Okawaru
Pakellas
Qazlal
Ru
Sif Muna
Trog
Uskayaw
Vehumet
Xom
Yredelemnul
Zin
The Shining One
Beogh
Jiyva
Lugonu

Shops:
D:7 *   D:9 ([:%%   Orc:1 :   Orc:2 ![([:   Elf:2 ?   Shoals:3 *   Vaults:1 }
Vaults:3 *   Vaults:4 [   Vaults:5 ???   Depths:4 :

Portals:
Hell: Depths:1 Depths:2 Depths:3 Depths:4 Depths:5
Abyss: Depths:4 Depths:5
Pandemonium: Depths:2 Depths:3 Depths:5
Ziggurat: Depths:5

Annotations:
D:4 HAL9000's ghost, amateur VSEn
Spider:3 Azrael
Crypt:1 Boris; Khufu
Depths:5 exclusion: 2 shining eyes
Zot:1 exclusion: orb of fire
Zot:2 exclusion: upstairs
Zot:4 orb!, exclusion: orb of fire


Innate Abilities, Weirdness & Mutations

You are small and have problems with some larger weapons.
You are carnivorous and can eat meat at any time.
Scrolls take you a little longer to read.
Your body sometimes deteriorates upon taking damage.
You are frail. (-10% HP)


Message History

Aiming: Force Lance
Press: ? - help, Shift-Dir - straight line, f/p - Brimstone Fiend
Aim: a Brimstone Fiend (severely wounded)
The lance of force hits the Brimstone Fiend.
The Brimstone Fiend is severely wounded.
The Brimstone Fiend is knocked back by the lance of force.
The Brimstone Fiend slams into the rock wall!
Casting: Force Lance
Confirm with . or Enter, or press ? or * to list all spells.
Aiming: Force Lance
Press: ? - help, Shift-Dir - straight line, f/p - Brimstone Fiend
Aim: a Brimstone Fiend (severely wounded)
The lance of force hits the Brimstone Fiend.
You kill the Brimstone Fiend!
Your surroundings suddenly seem different.
An ice devil and a rust devil come into view.
There is an open door here.
There is an open door here.
There is a staircase leading out of the dungeon here.
You have escaped!

######## #######.##.#.######.
.......# #....{#.##.#.###.##.
######.# ##.8.8.#......##.#...
#.# ##...8..######.....##. ####
#.# ##...8.8.# #.######. ...# #.#
##...4....# #.# #. ##.# #.#
#.⌠.⌠.###.# #.####### ...#
#.###.....#.#.######.)......
...###.#.'..8..#@'.#......#######
.......#.#.....#.#.####'### #
.######..#.⌠.⌠.###.###...## # .#
#.###.....4.{##.....## # .# #.#
##...8.8.#.......## ##
.######.#####...8..#........####.
............##.8.8.#........+....
....###......#.....#........####.
.##.# ###....#######.......## #>


There were no monsters in sight!

Vanquished Creatures
  An orb of fire (Zot:4)
  9 ancient liches
  A curse toe (Zot:4)
  Frederick (Vaults:4)
  A Killer Klown (Zot:5)
  Margery (Crypt:1)
  Saint Roka (Depths:5)
  Jory (Vaults:3)
  Nikola (Elf:3)
  10 golden dragons
  3 electric golems
  A Brimstone Fiend (D:1)
  Jorgrun (Shoals:2)
  5 liches
  15 tentacled monstrosities
  12 Orb Guardians
  2 deep elf blademasters (Elf:2)
  5 titans
  The ghost of tsouns the Fencer, an adept FoMo of Qazlal (Elf:3)
  A quicksilver dragon (Depths:5)
  A deep elf master archer (Elf:3)
  An Executioner (Zot:2)
  6 death cobs
  2 ancient champions
  3 sphinxes
  Agnes (Spider:3)
  17 storm dragons
  14 tengu reavers
  6 shadow dragons
  3 revenants
  2 draconian monks
  Ilsuiw (Shoals:4)
  2 draconian scorchers
  7 ghost moths
  11 frost giants
  13 fire giants
  11 vault wardens
  6 deep elf sorcerers
  Aizul (Elf:3)
  A draconian shifter (Zot:2)
  8 emperor scorpions
  3 iron dragons
  4 draconian zealots
  A draconian annihilator (Zot:4)
  2 deep elf elementalists (Elf:3)
  A spriggan defender (Depths:4)
  3 war gargoyles
  8 ghouls
  A draconian caller (Zot:2)
  28 very ugly things
  5 reapers (Crypt:3)
  16 stone giants
  16 ironheart preservers
  2 entropy weavers
  5 black draconians
  A dire elephant (D:15)
  12 deep elf annihilators
  5 green draconians
  4 vampire knights
  2 mottled draconians
  7 red draconians
  6 deep elf demonologists
  13 spark wasps
  4 purple draconians
  4 yellow draconians
  9 white draconians
  12 ettins
  5 eidola
  Josephine (Orc:2)
  5 merfolk javelineers
  13 jiangshi
  11 deep elf death magi
  A mummy priest (Crypt:3)
  7 deep elf high priests
  A crystal guardian (Vaults:4)
  The ghost of poirepourri the Cleaver, a journeyman DDFi of Pakellas (D:12)
  11 great orbs of eyes
  12 merfolk impalers
  25 ogre magi
  18 yaktaur captains
  17 fire dragons
  21 ice dragons
  31 vault guards
  3 quicksilver dragon skeletons (Crypt:3)
  4 hydras
  9 rakshasas
  A merfolk avatar (Shoals:4)
  3 spriggan air magi
  4 catoblepae
  The ghost of hairmachine the Destroyer, a journeyman HuFE of Ru (D:10)
  2 alligator snapping turtles (Shoals:3)
  13 centaur warriors
  3 satyrs
  4 death knights
  A queen ant (shapeshifter) (Vaults:4)
  4 merfolk aquamancers
  7 deep troll shamans
  19 dancing weapons
  18 death yaks
  8 tengu warriors
  11 deep troll earth magi
  8 vampire magi
  7 spriggan berserkers
  6 soul eaters (Crypt:3)
  8 orc high priests
  Nergalle (D:11)
  An iron giant zombie (Crypt:2)
  18 deep elf knights
  A titan skeleton (Crypt:2)
  23 skeletal warriors
  A golden dragon zombie (Crypt:3)
  A salamander mystic (Depths:5)
  A storm dragon skeleton (Crypt:1)
  3 unseen horrors
  8 hell knights
  An iron troll (Depths:2)
  4 shadow wraiths
  13 sea snakes
  A giant orange brain (shapeshifter) (Vaults:4)
  An unseen horror (shapeshifter) (Vaults:2)
  12 wizards
  5 giant orange brains
  15 deep elf archers
  5 flayed ghosts
  22 deep trolls
  10 hill giants
  15 orc knights
  38 wolf spiders
  9 ironbrand convokers
  A wolf spider zombie (Crypt:3)
  18 phantasmal warriors
  21 orb spiders
  12 manticores
  A sphinx zombie (Crypt:1)
  14 fauns
  13 necromancers
  2 iron dragon zombies
  57 ugly things
  22 harpies
  6 orc sorcerers
  8 griffons
  A hornet (shapeshifter) (Vaults:1)
  A salamander (shapeshifter) (Depths:3)
  A cyclops (shapeshifter) (Vaults:4)
  3 salamanders (Depths:5)
  8 oklob plants (Lair:5)
  27 moths of wrath
  6 hornets
  A fire giant zombie (Crypt:3)
  65 deep elf magi
  2 octopodes (shapeshifter)
  3 frost giant skeletons (Crypt:3)
  8 cyclopes
  Maurice (Orc:1)
  A stone giant skeleton (Crypt:3)
  A naga mage (Depths:3)
  2 molten gargoyles (Depths:2)
  9 sirens
  4 water nymphs
  14 vault sentinels
  A rust devil (Depths:4)
  A centaur zombie (D:14)
  2 black mambas
  4 torpor snails
  A gargoyle (D:14)
  8 spiny frogs
  A rime drake (Lair:6)
  4 swamp worm zombies (Crypt:1)
  A spiny frog (shapeshifter) (D:13)
  3 kobold demonologists
  A dire elephant skeleton (Crypt:2)
  5 komodo dragons
  An efreet (D:13)
  66 yaktaurs
  An alligator snapping turtle skeleton (Crypt:1)
  A komodo dragon (shapeshifter) (Vaults:5)
  10 demonic crawlers
  4 red devils (Elf:1)
  11 freezing wraiths
  A guardian mummy (Crypt:3)
  13 hellwings (Crypt:3)
  A redback zombie (D:15)
  3 tengu conjurers
  A meliai (shapeshifter) (Vaults:5)
  11 trolls
  35 jumping spiders
  3 polar bears
  3 meliai (D:13)
  2 two-headed ogres (shapeshifter)
  31 two-headed ogres
  18 blink frogs
  5 wind drakes
  25 merfolk
  14 slime creatures
  6 boulder beetles
  A fire dragon zombie (Crypt:3)
  10 air elementals
  15 snapping turtles
  5 flying skulls (Crypt:2)
  70 redbacks
  Sigmund (D:2)
  16 water elementals
  2 wyverns
  An alligator skeleton (Crypt:2)
  3 shadows
  A tarantella (shapeshifter) (Depths:3)
  2 spriggans
  39 tarantellas
  A vampire (D:13)
  A ynoxinul (D:1)
  An ettin skeleton (Crypt:3)
  7 fire elementals
  3 basilisks
  45 yaks
  2 steam dragons
  15 wraiths
  4 hungry ghosts
  12 hippogriffs
  Menkaure (D:7)
  4 vampire mosquitoes
  13 wargs
  A mottled dragon (Vaults:2)
  Duvessa (D:5)
  4 hell hounds (Spider:3)
  13 water moccasins
  3 giant eyeballs
  A porcupine (shapeshifter) (Depths:4)
  10 porcupines
  2 sky beasts
  4 wasps
  55 orc warriors
  A black bear (D:9)
  2 phantoms
  7 ice beasts
  A manticore zombie (Crypt:3)
  67 ogres
  3 boggarts (Vaults:3)
  4 necrophages
  10 wolves
  13 centaurs
  An anubis guard skeleton (Crypt:1)
  A snapping turtle skeleton (Crypt:3)
  A swamp dragon skeleton (Crypt:3)
  14 crocodiles
  A fire crab zombie (Crypt:2)
  6 big kobolds
  Blork the orc (D:6)
  An elf skeleton (Crypt:2)
  27 giant frogs
  Dowan (D:5)
  3 wyvern zombies
  A glowing shapeshifter simulacrum (Vaults:2)
  3 earth elementals
  A scorpion (D:12)
  A yak zombie (Crypt:2)
  7 wyvern skeletons (Crypt:3)
  An elf simulacrum (Vaults:2)
  A queen bee zombie (Crypt:1)
  A troll zombie (Crypt:1)
  5 killer bees (D:10)
  22 wights
  A human simulacrum (Vaults:1)
  A raiju skeleton (Crypt:1)
  2 electric eels (Lair:3)
  8 crimson imps
  6 howler monkeys
  A wasp zombie (D:5)
  3 quasits
  2 iron imps
  32 orc priests
  7 hounds
  3 jellies
  3 centaur skeletons
  Crazy Yiuf (D:2)
  3 giant frog skeletons
  27 orc wizards
  8 iguanas
  5 worker ants
  2 human skeletons
  A killer bee zombie (D:9)
  33 sheep
  A mottled dragon skeleton (Crypt:2)
  A tengu skeleton (Crypt:3)
  A mummy (Crypt:3)
  A howler monkey zombie (Crypt:1)
  A worker ant zombie (D:6)
  8 gnolls
  17 adders
  66 river rats
  A steam dragon skeleton (Crypt:2)
  4 shadow imps
  An ooze (D:4)
  An adder zombie (D:7)
  An adder skeleton (D:4)
  5 worms
  7 giant geckos
  100 orcs
  10 bats
  4 giant cockroaches
  3 goblins
  10 hobgoblins
  17 jackals
  4 quokkas
  A giant cockroach zombie (Crypt:2)
  A giant gecko zombie (D:5)
  3 giant newts
  16 kobolds
  A quokka skeleton (D:4)
  7 rats
  2 fungi (Lair:6)
  30 plants
  3 withered plants (Crypt:3)
2582 creatures vanquished.

Vanquished Creatures (collateral kills)
  An ancient lich (Depths:4)
  Sojobo (Depths:3)
  A golden dragon (Depths:5)
  An electric golem (Zot:1)
  6 tentacled monstrosities
  A lich (Depths:3)
  A titan (Vaults:5)
  An Orb Guardian (Zot:5)
  A quicksilver dragon (Depths:4)
  A death cob (Zot:3)
  A sphinx (Depths:2)
  2 storm dragons
  A shadow dragon (Vaults:4)
  Donald (Vaults:4)
  A draconian monk (Zot:3)
  A frost giant (Vaults:5)
  7 vault wardens
  3 deep elf sorcerers
  Louise (Shoals:3)
  A draconian knight (Zot:1)
  2 draconian shifters
  A juggernaut zombie (Depths:2)
  A draconian annihilator (Zot:2)
  2 ironheart preservers (Vaults:2)
  A reaper (Crypt:3)
  6 very ugly things
  A war gargoyle (Vaults:5)
  An entropy weaver (Spider:3)
  4 stone giants
  2 deep elf annihilators (Elf:3)
  A black draconian (Depths:5)
  2 green draconians (Zot:1)
  A deep elf demonologist (Vaults:5)
  A yellow draconian (Zot:1)
  3 red draconians
  4 ettins
  2 merfolk impalers
  An eidolon (Crypt:3)
  4 fire dragons
  4 yaktaur captains
  5 vault guards
  A great orb of eyes (Depths:1)
  A quicksilver dragon skeleton (Depths:2)
  A centaur warrior (Depths:2)
  5 ice dragons
  A merfolk avatar (Shoals:3)
  An alligator snapping turtle (Shoals:3)
  4 ogre magi
  A dancing weapon (Elf:2)
  A tengu warrior (Depths:4)
  3 deep troll earth magi
  A spriggan berserker (Depths:2)
  A deep elf knight (Vaults:1)
  2 spriggans (Depths:4)
  A storm dragon zombie (Crypt:1)
  A skeletal warrior (Crypt:2)
  An iron troll (Depths:2)
  3 sea snakes
  A golden dragon zombie (Crypt:3)
  4 deep trolls
  A hill giant (D:11)
  2 ironbrand convokers (Vaults:4)
  A deep elf archer (Vaults:4)
  6 phantasmal warriors
  4 necromancers
  3 harpies
  An orb spider (Spider:3)
  An orc knight (Vaults:4)
  A shadow dragon skeleton (Crypt:1)
  8 ugly things
  4 deep elf magi
  A hornet (Vaults:1)
  A manticore (Shoals:1)
  3 griffons
  2 fire giant zombies (Crypt:3)
  2 moths of wrath
  2 sirens
  A molten gargoyle (Depths:2)
  An elf zombie (Depths:2)
  A demonic crawler (Spider:3)
  A yaktaur (shapeshifter) (Vaults:4)
  5 swamp worm zombies (Crypt:1)
  An efreet (D:14)
  4 freezing wraiths
  10 yaktaurs
  2 merfolk (Shoals:3)
  2 jumping spiders (Spider:3)
  3 two-headed ogres
  A boulder beetle (Vaults:3)
  A bog body (Crypt:3)
  A snapping turtle (shapeshifter) (Depths:2)
  6 snapping turtles
  An air elemental (Elf:3)
  A black mamba zombie (Crypt:3)
  A wyvern (shapeshifter) (Vaults:5)
  4 wraiths
  An elf skeleton (Depths:2)
  2 fire elementals (Spider:3)
  A steam dragon (D:11)
  2 hippogriffs
  A hell hound (shapeshifter) (Vaults:4)
  4 orc warriors
  An ice beast (D:10)
  A wasp (Depths:4)
  8 centaurs
  11 ogres
  A wyvern skeleton (Crypt:3)
  A troll zombie (Crypt:3)
  A killer bee (D:10)
  A centaur zombie (Crypt:3)
  A quasit (D:10)
  9 orc priests
  A hound (D:10)
  3 centaur skeletons
  An orc wizard (D:10)
  13 orcs
  A kobold zombie (Crypt:3)
  A plant (Shoals:1)
273 creatures vanquished.

Vanquished Creatures (others)
  A titan (Vaults:5)
  2 tengu reavers
  A draconian monk (Zot:3)
  2 fire giants
  2 draconian zealots
  2 war gargoyles (Vaults:5)
  A stone giant (Depths:4)
  A deep elf high priest (Depths:4)
  An ogre mage (Depths:2)
  A deep elf mage (Elf:2)
  2 fauns (Shoals:2)
  An orb spider (Spider:3)
  A wolf spider (Spider:3)
  2 yaktaurs
  A two-headed ogre (Vaults:2)
  5 redbacks (Spider:3)
  3 ogres
  2 sheep (Lair:5)
  A ball lightning (Zot:5)
  2 orcs
  A bush (Lair:5)
  23 fungi
  41 plants
  27 withered plants (Crypt:3)
126 creatures vanquished.

Grand Total: 2981 creatures vanquished

Notes
Turn   | Place    | Note
-------+----------+-------------------------------------------
     0 | D:1      | nubinia the Kobold Fire Elementalist began the quest for the Orb.
     0 | D:1      | Reached XP level 1. HP: 10/10 MP: 3/3
   227 | D:1      | Found a shattered altar of Ashenzari.
   234 | D:1      | Reached skill level 1 in Conjurations
   234 | D:1      | Reached XP level 2. HP: 9/15 MP: 0/5
   356 | D:1      | Became a worshipper of Ashenzari the Shackled
   742 | D:1      | Learned a level 2 spell: Throw Flame
  1417 | D:1      | Reached XP level 3. HP: 16/19 MP: 3/6
  1683 | D:1      | Reached skill level 3 in Dodging
  2511 | D:3      | Reached XP level 4. HP: 24/24 MP: 3/7
  2625 | D:3      | Found a radiant altar of Vehumet.
  2983 | D:2      | Noticed Sigmund
  3038 | D:2      | Reached * piety under Ashenzari
  3153 | D:2      | Found a runed door.
  3356 | D:2      | Reached XP level 5. HP: 28/28 MP: 0/9
  3896 | D:4      | Noticed HAL9000's ghost (amateur VSEn)
  4481 | D:4      | Reached XP level 6. HP: 32/33 MP: 8/10
  4527 | D:4      | Noticed a phantom
  4659 | D:4      | Learned a level 3 spell: Conjure Flame
  5033 | D:5      | Entered Level 5 of the Dungeon
  5130 | D:5      | Noticed a moth of wrath
  5133 | D:5      | Found a bloodstained altar of Trog.
  5275 | D:6      | Noticed a yak
  5275 | D:6      | Noticed a yak
  5276 | D:6      | Noticed a yak
  5290 | D:6      | Noticed a yak
  5290 | D:6      | Noticed a yak
  5291 | D:6      | Noticed a yak
  5311 | D:6      | Noticed Blork the orc
  5330 | D:7      | Reached skill level 4 in Dodging
  5480 | D:7      | Reached XP level 7. HP: 25/37 MP: 7/12
  5609 | D:6      | Reached skill level 1 in Fighting
  5934 | D:5      | Reached skill level 1 in Short Blades
  6539 | D:5      | Found a radiant altar of Vehumet.
  6578 | D:5      | Reached skill level 5 in Dodging
  6637 | D:5      | Reached ** piety under Ashenzari
  6643 | D:5      | Learned a level 4 spell: Sticky Flame
  6779 | D:5      | Reached XP level 8. HP: 43/43 MP: 7/13
  6913 | D:5      | Noticed Dowan
  7404 | D:5      | Reached skill level 5 in Fire Magic
  7708 | D:2      | Killed Sigmund
  7708 | D:2      | Reached skill level 1 in Evocations
  7834 | D:2      | Noticed Crazy Yiuf
  7839 | D:2      | Killed Crazy Yiuf
  7839 | D:2      | Reached skill level 5 in Stealth
  7959 | D:5      | Noticed Duvessa
  8034 | D:5      | Killed Duvessa
  8187 | D:5      | Killed Dowan
  8187 | D:5      | Reached skill level 5 in Spellcasting
  8458 | D:6      | Reached XP level 9. HP: 48/48 MP: 9/16
  9017 | D:7      | Found Fofo's General Store.
  9025 | D:7      | Bought a sack of spiders for 240 gold pieces
  9025 | D:7      | Bought a scroll of identify for 24 gold pieces
  9089 | D:7      | Noticed Menkaure
  9115 | D:7      | Killed Menkaure
  9229 | D:7      | Found a staircase to the Ecumenical Temple.
  9234 | Temple   | Entered the Ecumenical Temple
  9690 | D:7      | Found an opulent altar of Gozag.
  9691 | D:7      | Found a glowing silver altar of Zin.
  9818 | D:7      | Reached *** piety under Ashenzari
 10152 | D:6      | Reached skill level 5 in Conjurations
 10443 | D:6      | Found a sparkling altar of Nemelex Xobeh.
 10471 | D:6      | Killed Blork the orc
 10799 | D:6      | Reached skill level 6 in Dodging
 10808 | D:6      | Reached XP level 10. HP: 53/53 MP: 2/20
 11129 | D:5      | Upgraded the game from 0.19-a0-1035-gdbfb0c6 to 0.19-a0-1041-g82b1012
 11602 | D:8      | Gained mutation: Your body sometimes deteriorates upon taking damage. [potion of mutation]
 11602 | D:8      | Lost mutation: Your body sometimes deteriorates upon taking damage. [potion of mutation]
 11602 | D:8      | Gained mutation: Scrolls take you a little longer to read. [potion of mutation]
 11603 | D:8      | Lost mutation: Scrolls take you a little longer to read. [potion of cure mutation]
 11765 | D:8      | Gained mutation: You have sharp toenails. [mutagenic meat]
 11768 | D:8      | Gained mutation: Your flesh is cold resistant. (rC+) [mutagenic meat]
 11771 | D:8      | Gained mutation: You occasionally shout uncontrollably at your foes. [mutagenic meat]
 11774 | D:8      | Gained mutation: You have a pair of small horns on your head. [mutagenic meat]
 11777 | D:8      | Gained mutation: You are robust. (+10% HP) [mutagenic meat]
 11777 | D:8      | Gained mutation: You are resistant to hostile enchantments. (MR+) [potion of beneficial mutation]
 11821 | D:7      | Learned a level 5 spell: Fireball
 12160 | D:8      | Found a basalt altar of Yredelemnul.
 12169 | D:8      | Found a glowing golden altar of the Shining One.
 12525 | D:8      | Noticed an angel
 12591 | D:9      | Found Zupt's Food Shop.
 12935 | D:9      | Found Peps's Book Shop.
 12994 | D:9      | Found Emuudox's Food Shop.
 13048 | D:9      | Found a staircase to the Lair.
 13270 | D:9      | Found Wuklaaqu's Weapon Boutique.
 13367 | D:9      | Found Juefaph's Antique Armour Shop.
 13698 | D:9      | Found a sparkling altar of Nemelex Xobeh.
 13698 | D:9      | Found an ancient bone altar of Kikubaaqudgha.
 13742 | D:9      | Identified the cursed +0 spear "Veafur" {antimagic, rF++ MR- Str+7}
 13941 | Lair:1   | Entered Level 1 of the Lair of Beasts
 13951 | Lair:1   | Reached XP level 11. HP: 52/62 MP: 12/23
 14213 | Lair:1   | Reached **** piety under Ashenzari
 14413 | Lair:1   | Learned a level 5 spell: Bolt of Magma
 14522 | Lair:1   | Reached skill level 1 in Earth Magic
 14832 | Lair:1   | Reached skill level 7 in Dodging
 17239 | Lair:2   | Found a hole to the Spider Nest.
 17370 | Lair:2   | Reached XP level 12. HP: 69/69 MP: 21/25
 17745 | Lair:3   | Identified the Handbook of Attacks
 17749 | Lair:3   | Learned a level 2 spell: Throw Frost
 18160 | Lair:3   | Reached ***** piety under Ashenzari
 18431 | Lair:3   | Identified the +0 robe "Bekk" {rC+}
 18642 | Lair:3   | Found a staircase to the Shoals.
 19179 | Lair:4   | Reached skill level 1 in Shields
 20148 | Lair:4   | Noticed a death yak
 20157 | Lair:4   | Noticed a death yak
 20176 | Lair:4   | Killed a death yak
 20176 | Lair:4   | Reached skill level 10 in Spellcasting
 20233 | Lair:4   | Noticed a six-headed hydra
 20279 | Lair:4   | Noticed a death yak
 20290 | Lair:4   | Reached skill level 10 in Fire Magic
 20308 | Lair:4   | Killed a death yak
 20387 | Lair:4   | Noticed a death yak
 20389 | Lair:4   | Noticed a death yak
 20932 | Lair:4   | Killed a six-headed hydra
 20932 | Lair:4   | Reached XP level 13. HP: 74/74 MP: 9/27
 20998 | Lair:4   | Reached skill level 8 in Dodging
 21755 | Lair:5   | Found a staircase to the Slime Pits.
 21755 | Lair:5   | Found a viscous altar of Jiyva.
 22562 | Lair:5   | Found a bloodstained altar of Trog.
 23992 | Lair:5   | Reached skill level 10 in Conjurations
 24939 | D:9      | Bought a pair of warped gloves for 285 gold pieces
 24939 | D:9      | Identified the +2 pair of gloves of Elitism {rN+} (You bought it in a shop on level 9 of the Dungeon)
 24939 | D:9      | Bought a fabulously ornate robe for 171 gold pieces
 24939 | D:9      | Identified the +0 robe of the Present {rF+} (You bought it in a shop on level 9 of the Dungeon)
 25057 | Lair:6   | Entered Level 6 of the Lair of Beasts
 25197 | Lair:6   | Noticed a catoblepas
 25259 | Lair:6   | Killed a catoblepas
 25378 | Lair:6   | Found an oddly glowing altar of Pakellas.
 25876 | Lair:6   | Reached XP level 14. HP: 79/79 MP: 26/29
 26002 | Lair:6   | Reached skill level 9 in Dodging
 26802 | Lair:6   | Reached skill level 5 in Short Blades
 28112 | Lair:6   | Learned a level 1 spell: Animate Skeleton
 28470 | D:10     | Entered Level 10 of the Dungeon
 28498 | D:10     | Reached skill level 10 in Dodging
 28572 | D:10     | Noticed hairmachine's ghost (journeyman HuFE)
 28596 | D:10     | Killed hairmachine's ghost
 29358 | D:11     | Noticed Nergalle
 29743 | D:11     | Found a staircase to the Orcish Mines.
 29885 | D:11     | Reached ****** piety under Ashenzari
 29922 | D:11     | Killed Nergalle
 29922 | D:11     | Reached XP level 15. HP: 85/88 MP: 12/31
 29971 | D:11     | Found an iron altar of Okawaru.
 30166 | D:11     | Reached skill level 1 in Necromancy
 30191 | D:11     | Identified the cursed +0 chain mail "Peth" {+Inv rF- rN+} (You took it off an orc warrior on level 11 of the Dungeon)
 30441 | D:11     | Identified the +1 bardiche of Uskayaw's Pride {drain, +Fly rC+} (You took it off an orc warrior on level 11 of the Dungeon)
 30446 | D:11     | Identified the cursed +10 rapier of Lunkeir {drain, Int+5} (You took it off an orc warrior on level 11 of the Dungeon)
 30578 | D:11     | Identified the cursed +0 buckler of Least Resistance {Str+3} (You took it off an orc knight on level 11 of the Dungeon)
 30711 | Orc:1    | Entered Level 1 of the Orcish Mines
 30746 | Orc:1    | Found Ret Vuav's Book Emporium.
 30843 | Orc:1    | Learned a level 2 spell: Repel Missiles
 30927 | Orc:2    | Entered Level 2 of the Orcish Mines
 31353 | Orc:2    | Noticed Josephine
 31557 | Orc:2    | Killed Josephine
 31729 | Orc:2    | Reached skill level 5 in Fighting
 32350 | Orc:1    | Noticed Maurice
 32359 | Orc:1    | Killed Maurice
 32376 | Orc:1    | Learned a level 3 spell: Static Discharge
 32379 | Orc:1    | Learned a level 2 spell: Swiftness
 32608 | Orc:2    | Found Loxkay's Book Shop.
 32616 | Orc:2    | Found Bilic's Armour Emporium.
 33104 | Orc:2    | Found a roughly hewn altar of Beogh.
 33826 | Orc:2    | Found Epist's Antique Armour Shop.
 33826 | Orc:2    | Found Paschuar's Distillery.
 33831 | Orc:2    | Bought a translucent cloak for 304 gold pieces
 33831 | Orc:2    | Identified the +2 cloak of the Wasteland {+Fly rN+ Stlth+} (You bought it in a shop on level 2 of the Orcish Mines)
 33847 | Orc:2    | Found a staircase to the Elven Halls.
 33923 | Orc:2    | Found Rekempif's Antique Weapon Boutique.
 34228 | Spider:1 | Entered Level 1 of the Spider Nest
 34683 | Lair:2   | Reached skill level 11 in Dodging
 35034 | Spider:1 | Identified the +6 shortbow of Honour {velocity, +Inv rF+}
 35402 | Spider:1 | Reached XP level 16. HP: 95/99 MP: 20/33
 38548 | Spider:1 | Reached skill level 12 in Dodging
 39086 | Spider:3 | Found a roughly hewn altar of Beogh.
 40206 | Spider:3 | Noticed Agnes
 40222 | Spider:3 | Killed Agnes
 40278 | Spider:3 | Identified the +9 shortbow of the Vendetta {venom, rPois Dex+3}
 40319 | Spider:3 | Reached XP level 17. HP: 41/108 MP: 12/34
 40356 | Spider:3 | Noticed Azrael
 41232 | Spider:4 | Entered Level 4 of the Spider Nest
 42021 | Spider:3 | Reached skill level 13 in Dodging
 42410 | Spider:4 | Reached skill level 5 in Shields
 44484 | Spider:4 | Got a gossamer rune of Zot
 44500 | Spider:4 | Learned a level 6 spell: Bolt of Fire
 44508 | Spider:4 | Learned a level 7 spell: Delayed Fireball
 44592 | Spider:4 | Reached skill level 10 in Fighting
 44975 | Shoals:1 | Entered Level 1 of the Shoals
 45398 | Shoals:1 | Reached XP level 18. HP: 110/118 MP: 25/36
 46243 | Shoals:2 | Noticed Jorgrun
 46619 | Shoals:2 | Killed Jorgrun
 46903 | Orc:2    | Bought a manual of Dodging for 1545 gold pieces
 47080 | Shoals:2 | Reached skill level 14 in Dodging
 47580 | Shoals:3 | Learned a level 3 spell: Mephitic Cloud
 47594 | Shoals:3 | Reached skill level 15 in Dodging
 47649 | Shoals:4 | Entered Level 4 of the Shoals
 47649 | Shoals:4 | Noticed Ilsuiw
 47649 | Shoals:4 | Noticed Louise
 47773 | Shoals:3 | Killed Louise
 47890 | Shoals:3 | Reached skill level 16 in Dodging
 48158 | Shoals:4 | Killed Ilsuiw
 48326 | Shoals:4 | Reached skill level 17 in Dodging
 49003 | Shoals:4 | Reached skill level 18 in Dodging
 50168 | Shoals:3 | Learned a level 4 spell: Force Lance
 50260 | Shoals:3 | Found Nyjez's General Store.
 50289 | Shoals:3 | Reached skill level 19 in Dodging
 50549 | Shoals:3 | Reached skill level 1 in Translocations
 50775 | Shoals:3 | Reached XP level 19. HP: 100/124 MP: 33/37
 51771 | Shoals:3 | Reached skill level 20 in Dodging
 53071 | Shoals:4 | Identified the +10 chain mail "Umne Oteh" {Str+3 Int+4 Stlth-}
 53218 | Shoals:4 | Identified the +4 long sword "Fateaf" {holy, rPois SInv}
 53324 | Shoals:4 | Got a barnacled rune of Zot
 53532 | Lair:3   | Learned a level 2 spell: Passwall
 53775 | D:12     | Identified a scroll of acquirement
 53944 | D:12     | Noticed poirepourri's ghost (journeyman DDFi)
 53945 | D:12     | Killed poirepourri's ghost
 54380 | D:13     | Found a gate to the Vaults.
 54531 | D:13     | Reached skill level 10 in Short Blades
 55120 | Vaults:1 | Entered Level 1 of the Vaults
 56198 | Vaults:1 | Reached skill level 1 in Air Magic
 56311 | Vaults:1 | Reached XP level 20. HP: 109/132 MP: 22/38
 56804 | Vaults:1 | Found Idynkuor's Gadget Shoppe.
 56839 | Vaults:1 | Reached skill level 15 in Spellcasting
 57221 | Vaults:1 | Noticed an Ice Fiend
 57707 | D:9      | Bought a spiked leather armour for 210 gold pieces
 57707 | D:9      | Identified the cursed +0 leather armour of the Elven Halls {rN+++ Str+3 SInv Stlth-} (You bought it in a shop on level 9 of the Dungeon)
 57803 | Elf:1    | Entered Level 1 of the Elven Halls
 57862 | Elf:1    | Reached skill level 10 in Stealth
 59709 | Elf:2    | Found Ujueneol's Magic Scroll Shop.
 59840 | Elf:2    | Found a runed gate.
 59840 | Elf:2    | Found a runed gate.
 59840 | Elf:2    | Found a runed gate.
 60132 | Elf:2    | Reached skill level 5 in Necromancy
 60282 | Elf:2    | Reached XP level 21. HP: 137/137 MP: 16/40
 61696 | Elf:3    | Entered Level 3 of the Elven Halls
 61698 | Elf:3    | Noticed Nikola
 62023 | Elf:3    | Noticed tsouns's ghost (adept FoMo)
 62128 | Elf:3    | Killed tsouns's ghost
 62562 | Elf:3    | Killed Nikola
 62562 | Elf:3    | Reached skill level 5 in Earth Magic
 62700 | Elf:3    | Identified the +8 great mace of the Peculiar Souls {elec, rF+ rN+ Dex+2 SInv} (You took it off a deep elf annihilator on level 3 of the Elven Halls)
 62869 | Elf:3    | Upgraded the game from 0.19-a0-1041-g82b1012 to 0.19-a0-1049-g462a813
 63031 | Elf:3    | Cast into level 3 of the Abyss (a deep elf sorcerer)
 63076 | Elf:3    | Escaped the Abyss
 63446 | Elf:3    | Reached skill level 21 in Dodging
 63997 | Elf:3    | Identified the +3 spear of Destruction {pierce, Str+2} (You took it off a deep elf death mage on level 3 of the Elven Halls)
 64488 | Elf:3    | Identified the ring of Uskayaw's Envy {rN+ AC+2 Dex+4 Stlth+} (You took it off a deep elf sorcerer on level 3 of the Elven Halls)
 64910 | Elf:3    | Noticed Aizul
 64915 | Elf:3    | Killed Aizul
 65237 | Elf:3    | Identified the Tome of the Escort and Heat
 65366 | Elf:3    | Learned a level 4 spell: Summon Lightning Spire
 65584 | Elf:3    | Reached skill level 1 in Summonings
 65718 | Orc:2    | Bought the +3 robe of Clouds {+Fly rElec} for 572 gold pieces
 65817 | Elf:2    | Bought 2 scrolls of remove curse for 90 gold pieces
 66157 | Shoals:3 | Bought a scroll of remove curse for 48 gold pieces
 66505 | Vaults:2 | Reached XP level 22. HP: 145/145 MP: 42/42
 67990 | Vaults:2 | Gained mutation: Potions and wands are less effective at restoring your health. [a neqoxec]
 68723 | Vaults:2 | Reached skill level 15 in Fire Magic
 69586 | Vaults:3 | Noticed Jory
 69610 | Vaults:3 | Killed Jory
 70066 | Vaults:3 | Found a staircase to the Crypt.
 70164 | Vaults:3 | Found Ykkirphya's General Store.
 71031 | Vaults:3 | Gained mutation: You possess an exceptional clarity of mind. [potion of beneficial mutation]
 71527 | Vaults:4 | Noticed Frederick
 71531 | Vaults:4 | Killed Frederick
 71828 | Vaults:4 | Identified the cursed +1 leather armour of the Griffon {*Corrode +Blink rPois rC+}
 71907 | Vaults:4 | Reached XP level 23. HP: 149/149 MP: 28/43
 72276 | Vaults:4 | Noticed Donald
 72288 | Vaults:4 | Killed Donald
 72534 | Vaults:4 | Found Tysenepp's Armour Shop.
 73022 | Vaults:4 | Found a snail-covered altar of Cheibriados.
 75110 | D:15     | Entered Level 15 of the Dungeon
 75792 | D:15     | Found a staircase to the Depths.
 76478 | Depths:1 | Entered Level 1 of the Depths
 77137 | Depths:1 | Found a gateway to Hell.
 77678 | Depths:2 | Reached XP level 24. HP: 144/159 MP: 36/44
 78698 | Depths:2 | Found a one-way gate leading to the halls of Pandemonium.
 79339 | Depths:3 | Reached skill level 22 in Dodging
 80146 | Depths:3 | Noticed Sojobo
 80338 | Depths:3 | Killed Sojobo
 80689 | Depths:3 | Reached skill level 1 in Charms
 80913 | Depths:3 | Found a deep blue altar of Sif Muna.
 81123 | Depths:3 | Identified Dieph's Collected Works on Bewitching Calling
 81132 | Depths:3 | Learned a level 4 spell: Control Undead
 81139 | Depths:3 | Learned a level 6 spell: Deflect Missiles
 81208 | Depths:3 | Identified Fostudd's Disquisition on Flames and Enchantment
 81246 | Depths:3 | Reached skill level 5 in Evocations
 81783 | Elf:2    | Bought a scroll of acquirement for 780 gold pieces
 81783 | Elf:2    | Bought a scroll of acquirement for 780 gold pieces
 81783 | Elf:2    | Identified the cursed -1 hat of Tegir Oschall {rElec rC+ Regen+ Int+2} (You acquired it on level 2 of the Elven Halls)
 82246 | Crypt:1  | Entered Level 1 of the Crypt
 82280 | Crypt:1  | Noticed Margery
 82289 | Crypt:1  | Killed Margery
 82309 | Crypt:1  | Reached XP level 25. HP: 167/167 MP: 35/44
 82499 | Crypt:1  | Noticed Khufu
 82500 | Crypt:1  | Noticed a greater mummy
 82502 | Crypt:1  | Noticed a greater mummy
 82509 | Crypt:1  | Noticed Boris
 84351 | Crypt:2  | Identified a +1 pair of boots of running
 84380 | Crypt:2  | Identified the +7 halberd of Yleumuel {chop, rElec} (You took it off a vampire knight on level 2 of the Crypt)
 84619 | Crypt:2  | Upgraded the game from 0.19-a0-1049-g462a813 to 0.19-a0-1051-gdb7e7f8
 85174 | Crypt:3  | Entered Level 3 of the Crypt
 85234 | Crypt:3  | Identified the cursed +0 hand axe of Causality {freeze, +Rage rF+ Dex+3}
 85654 | Crypt:3  | Found an ancient bone altar of Kikubaaqudgha.
 86246 | Crypt:3  | Found a staircase to the Tomb.
 86623 | Crypt:3  | Reached skill level 15 in Conjurations
 86835 | Crypt:3  | Noticed an ancient lich
 86845 | Crypt:3  | Identified the +7 hand crossbow of Rethic {elec, rElec MR- SInv}
 86858 | Crypt:3  | Killed an ancient lich
 87194 | Crypt:3  | Reached skill level 15 in Fighting
 87194 | Crypt:3  | Reached skill level 15 in Short Blades
 87430 | Crypt:3  | Identified the +2 robe of Inviolability {+Blink SInv}
 88633 | Orc:1    | Bought a book of Conjurations for 390 gold pieces
 88640 | Orc:1    | Learned a level 4 spell: Iskenderun's Mystic Blast
 88878 | Depths:3 | Reached XP level 26. HP: 176/176 MP: 25/45
 89180 | Depths:4 | Found a glowing golden altar of the Shining One.
 89234 | Depths:4 | Reduced skill Necromancy to level 5
 89550 | Depths:4 | Identified the +0 chain mail of Hastraiff {+Inv MR+ rCorr}
 89757 | Depths:4 | Reached skill level 23 in Dodging
 92015 | Depths:4 | Found Laymoe's Book Shoppe.
 92445 | Depths:4 | Reached skill level 15 in Stealth
 92745 | Depths:4 | Reached skill level 5 in Air Magic
 92833 | Depths:4 | Reduced skill Summonings to level 1
 93272 | Depths:3 | Reduced skill Necromancy to level 1
 93397 | Depths:4 | Identified the +3 ice dragon armour "Isopoamp" {rF- rC++ MR++} (You took it off a rakshasa on level 4 of the Depths)
 93743 | Depths:4 | Reached skill level 1 in Necromancy
 93743 | Depths:4 | Reached XP level 27. HP: 160/184 MP: 8/45
 93755 | Depths:4 | Identified the cursed -6 buckler of Experimentation {rCorr Int+4 Dex+3} (You acquired it on level 4 of the Depths)
 93757 | Depths:4 | Noticed an ancient lich
 93929 | Depths:4 | Killed an ancient lich
 95458 | Depths:4 | Learned a level 2 spell: Blink
 95918 | Depths:4 | Found a one-way gate to the infinite horrors of the Abyss.
 96038 | Depths:5 | Entered Level 5 of the Depths
 96137 | Depths:5 | Found a gateway to a ziggurat.
 96266 | Depths:5 | Found a corrupted altar of Lugonu.
 96997 | Depths:5 | Noticed Saint Roka
 97005 | Depths:5 | Killed Saint Roka
 97316 | Depths:5 | Found a gate to the Realm of Zot.
 98100 | Vaults:5 | Entered Level 5 of the Vaults
 98963 | Vaults:3 | Reached skill level 24 in Dodging
 99281 | Vaults:5 | Got a silver rune of Zot
 99320 | Vaults:5 | Identified the ring "Ireotiess" {*Tele MR- Str+3 Int+4}
 99551 | Vaults:4 | Reached skill level 10 in Shields
100063 | Vaults:5 | Identified the ring "Ugeorph Icve" {Ice rElec rPois MR+ Str-3}
100063 | Vaults:5 | Identified the cursed +1 morningstar of Havoc {vamp, Str+3}
100435 | Vaults:5 | Identified the +5 lajatang of Fate {vamp, Fragile +Rage rN+ Int+4}
101268 | Vaults:5 | Identified the +4 arbalest of Impermanence {venom, rC+ MP+9 Str+2 Dex-5}
101984 | Vaults:5 | Found Seaniz's Magic Scroll Boutique.
101988 | Vaults:5 | Bought a scroll of remove curse for 45 gold pieces
101988 | Vaults:5 | Bought a scroll of remove curse for 45 gold pieces
102115 | Vaults:5 | Found Meiclian's Magic Scroll Shop.
102119 | Vaults:5 | Found Archits's Magic Scroll Shoppe.
102330 | Vaults:5 | Identified the +6 whip "Opio" {slash, rElec} (You took it off a deep elf mage on level 5 of the Vaults)
103216 | Zot:1    | Entered Level 1 of the Realm of Zot
103220 | Zot:1    | Reached skill level 1 in Armour
103636 | Zot:1    | Identified the +5 arbalest of Tenacity {velocity, rF- Str+8 Int+2}
103896 | Zot:1    | Noticed an orb of fire
104025 | Zot:1    | Reached skill level 5 in Armour
106590 | Zot:3    | Identified the cursed +1 flail "Impbane" {distort, Fragile Dex+5}
107336 | Zot:5    | Entered Level 5 of the Realm of Zot
107943 | Zot:4    | Identified the +1 scale mail "Foxiorusm" {MR- Int+6 SInv Stlth+}
108073 | Zot:4    | Noticed an orb of fire
108649 | Zot:5    | Noticed an ancient lich
108664 | Zot:5    | Paralysed by an ancient lich for 3 turns
108670 | Zot:5    | Killed an ancient lich
108870 | Zot:5    | Noticed an ancient lich
109013 | Zot:5    | Noticed an ancient lich
109047 | Zot:5    | Killed an ancient lich
109065 | Zot:5    | Noticed an ancient lich
109066 | Zot:5    | Noticed an ancient lich
109175 | Zot:4    | Killed an ancient lich
109479 | Zot:4    | Killed an ancient lich
109834 | Zot:5    | Noticed an orb of fire
111528 | Zot:5    | Cast into level 5 of the Abyss (an ancient lich)
111528 | Abyss:5  | Entered Level 5 of the Abyss
111539 | Zot:5    | Escaped the Abyss
111582 | Zot:5    | Killed an ancient lich
111995 | Zot:5    | Gained mutation: Armour fits poorly on your strangely shaped body. [an orb of fire]
112022 | Zot:5    | Noticed an ancient lich
112037 | Zot:5    | Paralysed by an ancient lich for 4 turns
112043 | Zot:5    | Killed an ancient lich
112209 | Zot:5    | Gained mutation: You are dopey. (Int -2) [an orb of fire]
112222 | Zot:4    | Lost mutation: You are robust. (+10% HP) [an orb of fire]
112236 | Zot:4    | Gained mutation: Your spells are a little easier to cast, but a little less powerful. [an orb of fire]
112237 | Zot:4    | Lost mutation: Armour fits poorly on your strangely shaped body. [an orb of fire]
112238 | Zot:4    | Gained mutation: You are very dopey. (Int -4) [an orb of fire]
112244 | Zot:4    | Gained mutation: Your body sometimes deteriorates upon taking damage. [an orb of fire]
112262 | Zot:4    | Killed an orb of fire
112262 | Zot:4    | Reached skill level 10 in Air Magic
112271 | Zot:4    | Lost mutation: You are very dopey. (Int -4) [potion of cure mutation]
112271 | Zot:4    | Lost mutation: You occasionally shout uncontrollably at your foes. [potion of cure mutation]
112271 | Zot:4    | Lost mutation: Your body sometimes deteriorates upon taking damage. [potion of cure mutation]
112271 | Zot:4    | Lost mutation: You possess an exceptional clarity of mind. [potion of cure mutation]
112272 | Zot:4    | Lost mutation: You have a pair of small horns on your head. [potion of cure mutation]
112272 | Zot:4    | Lost mutation: You are resistant to hostile enchantments. (MR+) [potion of cure mutation]
112272 | Zot:4    | Lost mutation: You are dopey. (Int -2) [potion of cure mutation]
112272 | Zot:4    | Lost mutation: You have sharp toenails. [potion of cure mutation]
112492 | Zot:4    | Lost mutation: Potions and wands are less effective at restoring your health. [potion of cure mutation]
112492 | Zot:4    | Lost mutation: Your spells are a little easier to cast, but a little less powerful. [potion of cure mutation]
112492 | Zot:4    | Lost mutation: Your flesh is cold resistant. (rC+) [potion of cure mutation]
112542 | Zot:5    | Noticed an ancient lich
112961 | Zot:5    | Gained mutation: You are frail. (-10% HP) [an orb of fire]
112968 | Zot:5    | Noticed an orb of fire
112971 | Zot:5    | Gained mutation: You are very frail. (-20% HP) [an orb of fire]
113148 | Zot:5    | Noticed an orb of fire
113239 | Zot:5    | Killed an ancient lich
113836 | Zot:5    | Gained mutation: Scrolls take you a little longer to read. [an orb of fire]
113837 | Zot:5    | Gained mutation: You are weak. (Str -2) [an orb of fire]
113877 | Zot:5    | Lost mutation: Scrolls take you a little longer to read. [potion of cure mutation]
113877 | Zot:5    | Lost mutation: You are very frail. (-20% HP) [potion of cure mutation]
113877 | Zot:5    | Lost mutation: You are frail. (-10% HP) [potion of cure mutation]
113877 | Zot:5    | Lost mutation: You are weak. (Str -2) [potion of cure mutation]
113952 | Zot:5    | Noticed an orb of fire
113961 | Zot:5    | Gained mutation: Scrolls take you a little longer to read. [an orb of fire]
114110 | Zot:5    | Gained mutation: Your body sometimes deteriorates upon taking damage. [an orb of fire]
114112 | Zot:5    | Gained mutation: You are frail. (-10% HP) [an orb of fire]
114175 | Zot:5    | Got the Orb of Zot
114489 | Depths:4 | Noticed an ancient lich
114499 | Depths:4 | Killed an ancient lich
114500 | Depths:4 | Noticed Ame Faxo the pandemonium lord
114527 | Depths:4 | Noticed Baon the pandemonium lord
114685 | D:14     | Noticed Firealai the pandemonium lord
115063 | D:$      | Escaped with the Orb!

Vault maps used:
D:1:      ncdulo_halloftheorcs, serial_glass, glass_columns_c, glass_columns_a,
          item_on_display_a, minmay_strange_pillars, item_on_display_a,
          minmay_misc_feat_square, nicolae_ashenzari_panopticon
D:2:      first_bread, uniq_crazy_yiuf_cottage, uniq_sigmund
D:3:      vehumet_crystals
D:5:      basic_altar, st_stairs_14, tgw_trog, uniq_duvessa
D:6:      nemelex_lonely_heart_becter, uniq_blork_the_orc
D:7:      grunt_temple_overflow_gold_and_silver, serial_shops, shop_fountains,
          uniq_menkaure
D:8:      grunt_temple_overflow_holy_war
D:9:      gammafunk_temple_overflow_elements, serial_shops,
          nicolae_shop_statue_plus, shop, kennysheep_mini, shop,
          nicolae_shop_crystal
D:10:     grunt_ogre_cave
D:11:     evilmike_iron_armoury, orc_0_dummy, uniq_nergalle
D:13:     david_vaults_1
D:15:     hangedman_depths_entry_try_elsewhere_first
Temple:   regret_index_temple_generic_petals
Lair:2:   spider_nest_entry_webs, grunt_forest_large_clearing_hut,
          grunt_megastairs_3, serial_bayou_shore_b
Lair:3:   minmay_shoals_entry_hut, minivault_11, infiniplex_staircase_pool,
          grunt_megastairs_5
Lair:5:   minmay_lair_oklob_tunnel, slime_altar_1, basic_altar
Lair:6:   evilmike_catoblepas_cave, basic_altar
Shoals:1: ldierk_geyser
Shoals:2: uniq_jorgrun
Shoals:3: serial_shops, nicolae_shop_stone
Shoals:4: shoals_end_grunt_ice, shoal_ilsuiw, uniq_louise
Spider:1: spider_trap
Spider:3: nicolae_spider_mines_2, uniq_azrael, uniq_agnes
Spider:4: grunt_spider_rune_circles
Orc:1:    serial_shops, nicolae_shop_waterfront, uniq_maurice
Orc:2:    st_orc_town, serial_shops, shop, statue_in_the_mist_lemuel,
          nicolae_orc_tapped_out, uniq_josephine
Elf:1:    elf_arrival_002, minmay_elf_crystal_hexagon,
          einodemon_armed_red_devil_minivault
Elf:2:    serial_shops, nicolae_shop_temple_entry_statues_fountains
Elf:3:    minmay_elf_hall_spiked, uniq_aizul, uniq_nikola
Vaults:1: v_misc_18, hangedman_vaults_impose, hangedman_vaults_river_flow,
          v_misc_15, vaults_room_ringed_pool, nicolae_vaults_network_s, st_eye,
          vaults_room_grid, vaults_dpeg_hooks, vaults_room_fours,
          vaults_standard_mumra_enter_the_diamond, ontoclasm_vaults_twist,
          v_misc_18, vaults_room_pools, serial_shops, shop
Vaults:2: ontoclasm_vaults_ligature, nicolae_vaults_three_branches,
          nicolae_vaults_network_square, v_misc_9, hangedman_vaults_snaps,
          ontoclasm_vaults_bender, v_misc_12, v_alt_pattern_1,
          nicolae_vaults_network_star, nicolae_vaults_little_squares_5, v_misc_8
Vaults:3: vaults_room_fours, minmay_crypt_entry_simple_corners,
          nicolae_vaults_network_periphery, nicolae_vaults_mini_display_case,
          nicolae_vaults_diagonal_hallway_8, nicolae_vaults_ring_of_whatevers,
          vaults_room_semicircle, nicolae_vaults_shelves_hall, vaults_mumra_lcd,
          ontoclasm_vaults_decontamination, ontoclasm_vaults_loading_screen,
          grunt_vaults_hallway_short, serial_shops, nicolae_shop_crystal,
          uniq_jory
Vaults:4: vaults_room_hallway, vaults_room_pools, nicolae_vaults_asterisk,
          nicolae_vaults_fighting_squares, vaults_standard_mumra_lines,
          ontoclasm_vaults_ring_large, vaults_standard_mumra_enter_the_diamond,
          nicolae_vaults_theta, nicolae_vaults_asterisk,
          nicolae_vaults_shelves_hall, vaults_dpeg_doors,
          nicolae_vaults_little_squares_2, hangedman_vaults_cutoff,
          vaults_room_corners, serial_shops, shop, basic_altar, uniq_donald,
          uniq_frederick
Vaults:5: serial_shops
Crypt:1:  lemuel_dead_fish_pool, uniq_margery, uniq_boris, uniq_khufu
Crypt:3:  evilmike_haunted_forest
Depths:1: pf_vacation_house_of_asmodeus, hangedman_decor_lopped,
          solitary_fountain, nicolae_sextant, spider_trap, hex_tiny,
          nicolae_wwwww
Depths:2: mu_elemental_laboratory, minmay_misc_feat_nine_boxes,
          rand_demon_pan_entry_7, hell_entry, infiniplex_staircase_zigzag_5,
          serial_bayou_shore_a
Depths:3: evilmike_library_of_no_secrets, pan_entry, hell_entry,
          minmay_fountain_box, kennysheep_generic_room_10, uniq_sojobo
Depths:4: hangedman_box_tower, serial_shops, nicolae_shop_waterfront,
          grunt_hell_entry_dis_mu, tso_altar, marbit_kobold_abyss_entry,
          nrook_uturn, kennysheep_kite_vault
Depths:5: grunt_zot_entry_tricorne, enter_ziggurat_c, pan_entry,
          pf_hell_entry_tar_spiral, abandoned_shop, abyss_entry_flame_altar,
          serial_bayou_shore_b, uniq_saint_roka
Zot:2:    lemuel_baited_zot_trap, grunt_megastairs_2
Zot:3:    hangedman_elemental_corridor
Abyss:3:  nicolae_abyss_rune_left_handed
Abyss:5:  hangedman_abyss_monster_moat,
          evilmike_nicolae_abyss_rune_betentacled_crabyss

Skill      XL: |  1  2  3  4  5  6  7  8  9 10 11 12 13 14 15 16 17 18 19 20 21 22 23 24 25 26 27 |
---------------+----------------------------------------------------------------------------------+-----
Conjurations   | 1 2 4 5 6 7 9 10 11 12 13 14 15 16 | 16.1
Dodging        | 3 4 5 6 7 8 10 11 12 13 19 20 21 22 23 24 | 24.1
Stealth        | 3 4 5 6 7 8 9 10 11 13 14 15 16 | 16.6
Spellcasting   | 3 5 6 8 9 10 11 12 13 14 15 16 17 18 22 | 22.2
Fire Magic     | 4 6 7 8 9 10 11 12 13 14 15 16 | 16.9
Fighting       | 1 2 4 6 8 10 11 12 13 14 15 18 | 18.6
Short Blades   | 1 2 3 4 5 7 9 10 11 12 13 14 15 17 | 17.0
Evocations     | 1 2 3 4 5 8 |  8.6
Earth Magic    | 4 5 |  5.6
Shields        | 2 3 4 5 6 7 8 12 | 12.1
Necromancy     | 2 4 5 6 7 7 1 4 |  4.1
Translocations | 1 2 3 4 |  4.0
Air Magic      | 1 2 3 4 8 10 | 10.1
Summonings     | 1 2 3 0 |  0.6
Charms         | 1 3 |  3.6
Armour         | 7 |  7.6

Action                   |  1- 3 |  4- 6 |  7- 9 | 10-12 | 13-15 | 16-18 | 19-21 | 22-24 | 25-27 || total
-------------------------+-------+-------+-------+-------+-------+-------+-------+-------+-------++-------
Melee: Unarmed           |     8 |       |     3 |       |       |       |       |       |       ||    11
       Whip              |     6 |       |       |       |       |       |       |       |       ||     6
       Dagger            |    52 |   102 |    82 |   150 |       |       |       |       |       ||   386
       Mace              |    13 |       |       |       |       |       |       |       |       ||    13
       Kick              |       |       |       |    60 |   191 |       |       |       |       ||   251
       Headbutt          |       |       |       |    37 |   191 |   197 |   237 |   498 |  1311 ||  2471
       Short sword       |       |       |       |    74 |   583 |       |     6 |  1705 |  4449 ||  6817
       Rapier            |       |       |       |       |   284 |   886 |  1012 |       |       ||  2182
 Cast: Flame Tongue      |    55 |    82 |   105 |   363 |   171 |   207 |    28 |     3 |       ||  1014
       Throw Flame       |     3 |    13 |    95 |   131 |   123 |   185 |    51 |    17 |    31 ||   649
       Sticky Flame      |       |       |     5 |    72 |   139 |    82 |    51 |    56 |   185 ||   590
       Conjure Flame     |       |       |     3 |     9 |    10 |     3 |       |       |       ||    25
       Fireball          |       |       |       |    24 |   173 |   159 |   175 |   174 |   327 ||  1032
       Bolt of Magma     |       |       |       |     1 |    24 |     9 |    45 |    38 |    43 ||   160
       Throw Frost       |       |       |       |       |     3 |     7 |       |     8 |     1 ||    19
       Animate Skeleton  |       |       |       |       |    96 |    51 |   150 |   200 |   197 ||   694
       Repel Missiles    |       |       |       |       |     2 |     3 |     7 |     7 |       ||    19
       Swiftness         |       |       |       |       |       |     6 |       |     3 |    15 ||    24
       Delayed Fireball  |       |       |       |       |       |     8 |    33 |    51 |   100 ||   192
       Mephitic Cloud    |       |       |       |       |       |     1 |    33 |    64 |    46 ||   144
       Bolt of Fire      |       |       |       |       |       |       |     4 |     2 |     4 ||    10
       Force Lance       |       |       |       |       |       |       |    63 |    31 |   258 ||   352
       Summon Lightning  |       |       |       |       |       |       |       |    57 |    56 ||   113
       Control Undead    |       |       |       |       |       |       |       |     3 |    23 ||    26
       Deflect Missiles  |       |       |       |       |       |       |       |     1 |    20 ||    21
       Iskenderun's Myst |       |       |       |       |       |       |       |       |   154 ||   154
       Passwall          |       |       |       |       |       |       |       |       |     9 ||     9
       Blink             |       |       |       |       |       |       |       |       |     5 ||     5
Invok: Curse Item        |       |     2 |       |     5 |     2 |       |     7 |     2 |     2 ||    20
       Transfer Knowledg |       |       |       |       |       |       |       |       |     3 ||     3
 Abil: Evoke Berserk Rag |       |       |     3 |     3 |       |       |       |       |       ||     6
       Evoke Invisibilit |       |       |       |     3 |     2 |       |       |       |       ||     5
       Release Delayed F |       |       |       |       |       |     7 |    33 |    51 |   101 ||   192
       Evoke Flight      |       |       |       |       |       |       |       |    18 |     5 ||    23
Evoke: Wand              |       |       |       |       |    10 |     7 |       |    22 |    21 ||    60
       Phial of floods   |       |       |       |       |       |       |       |     3 |     3 ||     6
       Lamp of fire      |       |       |       |       |       |       |       |     1 |     5 ||     6
       Sack of spiders   |       |       |       |       |       |       |       |     1 |     1 ||     2
       Fan of gales      |       |       |       |       |       |       |       |       |     1 ||     1
  Use: Scroll            |     1 |     5 |     7 |    11 |    17 |    11 |    14 |    15 |    29 ||   110
       Potion            |       |     2 |     1 |     3 |       |     4 |     1 |     5 |    18 ||    34
 Stab: Sleeping          |     3 |     9 |     2 |    11 |     8 |     6 |    25 |    38 |    36 ||   138
       Invisible         |       |       |       |     1 |     3 |       |       |     2 |     3 ||     9
       Paralysed         |       |       |       |       |     1 |       |       |       |       ||     1
       Distracted        |       |       |       |       |     4 |     6 |    11 |    40 |   101 ||   162
       Confused          |       |       |       |       |     1 |       |    22 |    47 |    36 ||   106
       Petrifying        |       |       |       |       |       |       |       |       |     2 ||     2
  Eat: Chunk             |    14 |    12 |    23 |    53 |    76 |    65 |    77 |    99 |   130 ||   549
       Meat ration       |       |       |       |       |     1 |       |       |       |     2 ||     3
       Pizza             |       |       |       |       |     1 |       |       |       |     1 ||     2
       Beef jerky        |       |       |       |       |     1 |       |       |       |     1 ||     2
       Royal jelly       |       |       |       |       |       |       |       |       |     2 ||     2
Armor: Robe              |    13 |    27 |    14 |    36 |   138 |   145 |    60 |   102 |   223 ||   758
       Fire dragon armou |       |       |       |       |       |       |       |       |   301 ||   301
Dodge: Dodged            |    68 |   118 |    76 |   233 |   672 |   912 |   636 |   874 |  2949 ||  6538
       Deflected         |       |       |       |       |     4 |    21 |    34 |    33 |   149 ||   241
Block: Buckler           |       |       |       |     9 |   289 |   366 |   233 |   406 |  2579 ||  3882
       Reflection        |       |       |       |       |       |       |       |       |    78 ||    78
